 Dungeon Crawl Stone Soup version 0.27.1-1-g398f81649c (webtiles) character file.

Game seed: 16889135654157139691

2641 aster the Cleaver (level 9, -5/83 HPs)
             Began as a Hill Orc Fighter on Sept 8, 2021.
             Slain by Grum (10 damage)
             ... on level 8 of the Dungeon.
             The game lasted 00:18:54 (7208 turns).

aster the Cleaver (Hill Orc Fighter)                Turns: 7208, Time: 00:18:55

Health: -5/83      AC: 11    Str: 24    XL:     9   Next: 61%
Magic:  9/9        EV:  6    Int:  8    God:
Gold:   330        SH: 11    Dex: 10    Spells: 8/8 levels left

rFire    . . .     SeeInvis +   b - +10 flail of Pinaz {freeze, rN+ Str+2 SInv}
rCold    . . .     Faith    .   c - +0 kite shield
rNeg     + . .     Spirit   .   m - +0 chain mail
rPois    .         Reflect  .   (no helmet)
rElec    .         Harm     .   (no cloak)
rCorr    .         Rampage  .   (no gloves)
Will     .....                  t - +0 pair of boots
Stlth    ..........             (no amulet)
HPRegen  0.23/turn              (no ring)
MPRegen  0.11/turn              (no ring)

@: mighty, studying Fighting
A: no striking features
a: no special abilities


You were on level 8 of the Dungeon.
You visited 1 branch of the dungeon, and saw 7 of its levels.
You also visited: Ossuary.

You collected 330 gold pieces.

Inventory:

Hand Weapons
 a - a +1 war axe
 b - the +10 flail of Pinaz (weapon) {freeze, rN+ Str+2 SInv}
   (You found it on level 5 of the Dungeon)

   It freezes those it strikes, dealing additional cold damage.
   It can also slow down cold-blooded creatures.
   Str:       It affects your strength (+2).
   rN:        It protects you from negative energy.
   SInv:      It lets you see invisible.
 z - a +1 vorpal mace
Missiles
 r - 21 poisoned darts (quivered)
Armour
 c - a +0 kite shield (worn)
 m - a +0 chain mail (worn)
 t - a +0 pair of boots (worn)
Jewellery
 n - an amulet of faith
 v - a ring of wizardry
Wands
 s - a wand of iceblast (7)
 x - a wand of polymorph (10)
 y - a wand of digging (2)
Scrolls
 j - 5 scrolls of fog
 k - 5 scrolls of teleportation
 p - 2 scrolls of enchant weapon
 u - 2 scrolls of amnesia
 B - a scroll of blinking
Potions
 d - a potion of might
 e - a potion of brilliance
 f - 3 potions of magic {unknown}
 g - a potion of curing
 h - 4 potions of attraction {unknown}
 i - 2 potions of berserk rage {unknown}
 o - 2 potions of flight {unknown}
 w - a potion of lignification
 A - 2 potions of haste {unknown}


   Skills:
 + Level 9.1 Fighting
 - Level 9.9(10.6) Axes
 * Level 5.1(7.4) Maces & Flails
 + Level 5.4 Armour
 * Level 7.0 Shields


You had 8 spell levels left.
You didn't know any spells.
Your spell library contained the following spells:

 Spells                   Type           Power      Damage    Failure   Level
 Slow                     Hex            0%         N/A       100%        2
 Confusing Touch          Hex            0%         N/A       100%        3
 Vampiric Draining        Necr           0%         2d6       100%        3


Dungeon Overview and Level Annotations

Branches:
Dungeon (6/15)            Ossuary (visited)
 Temple: D:4-7

Altars:
Hepliaklqana

Annotations:
D:8 Gastronok, Grum, Maggie, Prince Ribbit


Message History

You block the wolf's attack. The wolf bites you but does no damage.
You block Grum's attack.
You miss the wolf.
The wolf is lightly wounded.
You block the wolf's attack.
Grum hits you from afar with a +1 spear!
You block the wolf's attack.
Grum hits you from afar with a +1 spear!
* * * LOW HITPOINT WARNING * * *
You block the wolf's attack.
You feel much better. You block the wolf's attack.
Grum hits you from afar with a +1 spear!
You feel very mighty all of a sudden. The wolf bites you!
The wolf bites you but does no damage. Grum barely misses you.
You bludgeon the wolf!! You freeze the wolf.
You kill the wolf!
The wolf bites you but does no damage. The wolf bites you.
You block Grum's attack.
Your base Maces & Flails skill increases to level 5!
You barely miss the wolf. You block the wolf's attack. x2
Grum hits you from afar with a +1 spear!
* * * LOW HITPOINT WARNING * * *
You closely miss the wolf. The wolf bites you.
* * * LOW HITPOINT WARNING * * *
You block Grum's attack. The wolf bites you.
* * * LOW HITPOINT WARNING * * *
Really quaff the potion of lignification? [Y]es or [N]o only, please.
Really quaff the potion of lignification? [Y]es or [N]o only, please.
Really quaff the potion of lignification?
Okay, then.
You bludgeon the wolf!! You freeze the wolf.
You kill the wolf!
Grum barely misses you.
Your Shields skill increases to level 7!
Grum lets out an intimidating howl.
Grum hits you with a +1 spear!
You die...

..##...##
........#
........##
#...#
#####)†###
......)....##
............###
..............#
............@##
#....#......g#
#....#......h..
#..............
.............
..............
.##..........#
##..........


You could see Grum and a wolf.

Vanquished Creatures
  Pikel (D:6)
  A wraith (Ossuary)
  A basilisk (D:8)
  A steam dragon (D:8)
  A hornet zombie (D:5)
  A sky beast (D:6)
  2 necrophages (D:5)
  3 wolves (D:8)
  A centaur (D:5)
  2 lemures (D:6)
  A phantom (D:5)
  A kobold brigand (D:8)
  A bullfrog (D:8)
  A water moccasin zombie (D:5)
  3 hounds (D:5)
  2 bullfrog zombies (D:5)
  2 centaur zombies (D:5)
  A bullfrog skeleton (D:5)
  An orc priest (D:5)
  A centaur skeleton (D:5)
  Jessica (D:2)
  Terence (D:3)
  An iguana (D:6)
  4 orc wizards
  A killer bee zombie (D:8)
  3 mummies (Ossuary)
  12 adders
  An ufetubus (D:5)
  2 dart slugs
  23 orcs
  8 bats
  6 endoplasms
  4 giant cockroaches
  9 goblins
  4 hobgoblins
  10 jackals
  5 quokkas
  10 ball pythons
  7 frilled lizards
  A gnoll zombie (Ossuary)
  2 goblin zombies (Ossuary)
  3 hobgoblin zombies (Ossuary)
  11 kobolds
  3 kobold zombies (Ossuary)
  9 rats
169 creatures vanquished.

Notes
Turn   | Place    | Note
-------+----------+-------------------------------------------
     0 | D:1      | aster the Hill Orc Fighter began the quest for the Orb.
     0 | D:1      | Reached XP level 1. HP: 19/19 MP: 1/1
   234 | D:1      | Reached XP level 2. HP: 27/27 MP: 2/2
   721 | D:1      | Reached XP level 3. HP: 33/33 MP: 3/3
   797 | D:1      | Found a faded altar of an unknown god.
  1469 | D:2      | Found a hazy altar of Hepliaklqana.
  1530 | D:2      | Reached XP level 4. HP: 41/41 MP: 4/4
  1639 | D:2      | Noticed Jessica
  1649 | D:2      | Killed Jessica
  1650 | D:2      | Reached skill level 5 in Axes
  2559 | D:3      | Reached XP level 5. HP: 47/47 MP: 5/5
  2640 | D:3      | Reached skill level 5 in Fighting
  3289 | D:3      | Noticed Terence
  3298 | D:3      | Killed Terence
  3810 | D:4      | Reached XP level 6. HP: 56/56 MP: 6/6
  4719 | D:5      | Entered Level 5 of the Dungeon
  4744 | D:5      | Noticed a necrophage
  4759 | D:5      | Killed a necrophage
  4813 | D:5      | Reached XP level 7. HP: 16/63 MP: 7/7
  4818 | D:5      | HP: 1/63 [something/magic dart (6)]
  4825 | D:5      | Found a sand-covered staircase.
  5062 | Ossuary  | Entered an ossuary
  5062 | Ossuary  | Noticed a wraith
  5062 | Ossuary  | Noticed a wraith
  5062 | Ossuary  | Noticed a wraith
  5420 | Ossuary  | Noticed a wraith
  5437 | Ossuary  | Killed a wraith
  6042 | D:5      | Reached XP level 8. HP: 65/71 MP: 8/8
  6273 | D:5      | Identified the +10 flail of Pinaz {freeze, rN+ Str+2 SInv}
  6301 | D:5      | Reached skill level 1 in Maces & Flails
  6683 | D:6      | Reached skill level 5 in Shields
  6857 | D:6      | Noticed Pikel
  6875 | D:6      | Killed Pikel
  6876 | D:6      | Reached XP level 9. HP: 78/82 MP: 9/9
  7043 | D:6      | You fall into a shaft and drop 2 floors!
  7047 | D:8      | Reached skill level 5 in Armour
  7105 | D:8      | Noticed a two-headed ogre
  7134 | D:8      | Noticed Prince Ribbit
  7155 | D:8      | Noticed Gastronok
  7162 | D:8      | Noticed Maggie
  7195 | D:8      | Noticed Grum
  7205 | D:8      | Reached skill level 5 in Maces & Flails
  7206 | D:8      | HP: 4/83 [wolf[Grum] (4)]
  7208 | D:8      | Slain by Grum

Illustrated notes

Levels and vault maps discovered:
D:1:      onia_arrival_mini_spirals, layout_basic,
          hellmonk_ecumenical_altar_slurped_away, grunt_decor_cap
D:2:      layout_basic, basic_altar, grunt_decor_fettered, minivault_25,
          uniq_jessica
D:3:      layout_basic, uniq_terence
D:4:      layout_layer_cave
D:5:      layout_rooms, enter_ossuary_1, kennysheep_diamond, corner_web_ring,
          minmay_manual_monolith
D:6:      layout_loops_corners, minmay_temple_entry_statues_fountains,
          biasface_ghost_orc_armoury, uniq_pikel
D:8:      layout_cave_pools, hangedman_decor_push, uniq_maggie, uniq_grum,
          uniq_gastronok, uniq_prince_ribbit1

Skill      XL: |  1  2  3  4  5  6  7  8  9 |
---------------+----------------------------+-----
Axes           | 3 4 5 6 8 9 |  9.9
Fighting       | 4 5 6 8 9 |  9.1
Shields        | 6 7 |  7.0
Armour         | 4 5 |  5.4
Maces & Flails | 3 5 |  5.1

Action                   |  1- 3 |  4- 6 |  7- 9 || total
-------------------------+-------+-------+-------++-------
Melee: War axe           |   115 |   187 |   101 ||   403
       Flail             |       |       |    79 ||    79
  Use: Scroll            |     2 |     4 |    12 ||    18
       Potion            |       |     4 |     5 ||     9
Armor: Scale mail        |    70 |    12 |       ||    82
       Chain mail        |       |   103 |   130 ||   233
Dodge: Dodged            |    47 |    52 |    48 ||   147
Block: Kite shield       |    67 |    97 |   146 ||   310
